 Dungeon Crawl Stone Soup version 0.27.1-34-g3ba077fa99 (webtiles) character file.

Game seed: 17731877611910927026

51 zeram the Shield-Bearer (level 3, 0/26 HPs)
             Began as an Octopode Fighter on Jan 20, 2022.
             Slain by a hobgoblin (2 damage)
             ... on level 2 of the Dungeon.
             The game lasted 00:03:14 (1068 turns).

zeram the Shield-Bearer (Octopode Fighter)          Turns: 1068, Time: 00:03:14

Health: 0/26       AC:  1    Str: 15    XL:     3   Next: 81%
Magic:  3/3        EV:  9    Int: 11    God:
Gold:   51         SH: 13    Dex: 11    Spells: 2/2 levels left

rFire    . . .     SeeInvis .   a - +0 trident
rCold    . . .     Faith    .   e - +0 tower shield
rNeg     . . .     Spirit   .   (helmet restricted)
rPois    .         Reflect  .   (no amulet)
rElec    .         Harm     .   (no ring)
rCorr    .         Rampage  .   (no ring)
Will     .....                  (no ring)
Stlth    ++........             (no ring)
HPRegen  0.08/turn              (no ring)
MPRegen  0.08/turn              (no ring)
                                (no ring)
                                (no ring)

@: no status effects
A: almost no armour, amphibious, 8 rings, camouflage 1, gelatinous body 1,
(nimble swimmer 1), tentacles
a: no special abilities


You were on level 2 of the Dungeon.
You visited 1 branch of the dungeon, and saw 2 of its levels.

You collected 51 gold pieces.

Inventory:

Hand Weapons
 a - a +0 trident (weapon)
Missiles
 f - 2 curare-tipped darts (quivered)
Armour
 b - a +0 kite shield
 e - a +0 tower shield (worn)
Scrolls
 d - a scroll of teleportation {unknown}
 g - 3 scrolls of amnesia {unknown}
Potions
 c - a potion of might
 h - a potion of heal wounds {unknown}


   Skills:
 + Level 3.4 Fighting
 + Level 2.3 Polearms
 + Level 3.4 Dodging
 * Level 3.5 Shields
 * Level 0.6 Summonings


You had 2 spell levels left.
You didn't know any spells.
Your spell library contained the following spells:

 Spells                   Type           Power      Damage    Failure   Level
 Summon Forest            Summ/Tloc      0%         N/A       100%        5
 Eringya's Noxious Bog    Tmut/Pois      0%         N/A       100%        6
 Summon Hydra             Summ           0%         N/A       100%        7


Dungeon Overview and Level Annotations

Branches:
Dungeon (2/15)

Altars:


Innate Abilities, Weirdness & Mutations

You cannot wear most types of armour.
You are amphibious.
You can wear up to eight rings at the same time.
Your skin changes colour to match your surroundings (Stealth+).
Your rubbery body absorbs attacks. (AC +1, EV +1)
((You are camouflaged near water. (Stealth+)))
You have tentacles for arms and can constrict up to eight enemies at once.


Message History

No target in view!
A gnoll comes into view. It is wielding a +0 whip.
A gnoll is nearby!
A gnoll is nearby!
You reach to attack!
The gnoll shouts!
You hit the gnoll but do no damage.
You hear a shout! x3
You barely miss the gnoll. You grab the gnoll. You constrict the gnoll.
The gnoll hits you with a +0 whip. You block the gnoll's attack.
You hit the gnoll but do no damage.
The gnoll is moderately wounded.
You constrict the gnoll. You block the gnoll's attack.
The gnoll hits you with a +0 whip.
Unknown command.
You puncture the gnoll!
You kill the gnoll!
No target in view!
No target in view!
No target in view!
A hobgoblin comes into view.
A gnoll comes into view. It is wielding a +0 spear.
The hobgoblin shouts!
You block the gnoll's attack.
You see here a +0 whip.
You reach to attack!
You hit the gnoll.
The gnoll is moderately wounded.
The gnoll hits you from afar with a +0 spear.
The gnoll hits you from afar with a +0 spear!
* * * LOW HITPOINT WARNING * * *
You are too injured to fight recklessly!
Reach: a) +0 trident
Press: ? - help, Dir - move target, f/p - gnoll
Aim: a gnoll, wielding a +0 spear (moderately wounded, about 40% to evade your +0 trident)
You reach to attack!
You puncture the gnoll!
You kill the gnoll!
You hear a shout!
A gnoll comes into view. It is wielding a +0 flail.
The hobgoblin hits you.
You die...

.... #.##.#.#
#.##...#
.......## #
#.##.... #.
#.##..#
#.##.##$.#
#.#†#@..##.#...
##
#g!).g.)......
#.#
##.....###.##.
#.###.##....#
#<#.#.#.#.##
##.###!.....
#....# ##.#####
#.#### #.# #
#.#


You could see a gnoll and a hobgoblin.

Vanquished Creatures
  2 gnolls (D:2)
  3 endoplasms (D:1)
  A giant cockroach (D:1)
  5 goblins
  2 hobgoblins (D:1)
  4 kobolds (D:1)
  3 quokkas (D:1)
  5 ball pythons
  A frilled lizard (D:1)
  2 rats (D:1)
28 creatures vanquished.

Vanquished Creatures (others)
  3 plants (D:1)
  5 withered plants (D:1)
8 creatures vanquished.

Grand Total: 36 creatures vanquished

Notes
Turn   | Place    | Note
-------+----------+-------------------------------------------
     0 | D:1      | zeram the Octopode Fighter began the quest for the Orb.
     0 | D:1      | Reached XP level 1. HP: 16/16 MP: 1/1
   154 | D:1      | Reached XP level 2. HP: 21/21 MP: 2/2
   597 | D:1      | Reached XP level 3. HP: 26/26 MP: 3/3
   724 | D:1      | Found a faded altar of an unknown god.
  1068 | D:2      | Slain by a hobgoblin

Illustrated notes

Levels and vault maps discovered:
D:1:      dpeg_arrival_erosion, layout_loops_ring,
          shapermc_ecumenical_altar_flowoftime
D:2:      layout_loops_ring, basic_altar, minmay_pentomino_pile

Action                   || total
-------------------------++-------
Melee: Trident           ||    65
       Tentacles         ||    12
       Constrict         ||    14
 Stab: Sleeping          ||     4
Armor: Skin              ||     1
Dodge: Dodged            ||    19
Block: Kite shield       ||     3
       Tower shield      ||    11
